 Dungeon Crawl Stone Soup version 0.28.0-53-g5a82cb258f (webtiles) character file.

Game seed: 14024770550133240113

24 Miles554 the Chopper (level 3, -1/33 HPs)
             Began as a Hill Orc Berserker on Aug 14, 2022.
             Was a Follower of Trog.
             Slain by a gnoll
             ... wielding a +0 whip
              (8 damage)
             ... on level 1 of the Dungeon.
             The game lasted 00:08:40 (1086 turns).

Miles554 the Chopper (Hill Orc Berserker)           Turns: 1086, Time: 00:08:40

Health: -1/33      AC:  2    Str: 21    XL:     3   Next: 2%
Magic:  3/3        EV: 12    Int:  7    God:    Trog [*.....]
Gold:   40         SH:  0    Dex: 10    Spells: 2/2 levels left

rFire   . . .      SeeInvis .   a - +0 hand axe
rCold   . . .      Faith    .   (no shield)
rNeg    . . .      Spirit   .   b - +0 animal skin
rPois   .          Reflect  .   (no helmet)
rElec   .          Harm     .   (no cloak)
rCorr   .          Rampage  .   (no gloves)
Will    .....                   (no boots)
Stlth   +.........              (no amulet)
HPRegen 0.11/turn               (no ring)
MPRegen 0.08/turn               (no ring)

@: no status effects
A: no striking features
a: Renounce Religion, Berserk


You were on level 1 of the Dungeon.
You worshipped Trog.
Trog was aware of your devotion.
You visited 1 branch of the dungeon, and saw 1 of its levels.

You collected 40 gold pieces.

Inventory:

Hand Weapons
 a - a +0 hand axe (weapon)
 d - a +0 short sword
 e - a +0 short sword
 h - a +0 short sword
 i - a +0 dagger
 j - a +0 hand axe
 k - a +0 dagger
Missiles
 f - 44 stones (quivered)
Armour
 b - a +0 animal skin (worn)
Jewellery
 l - a ring of flight
Scrolls
 c - a scroll of teleportation {unknown}
 g - a scroll of holy word {unknown}


   Skills:
 + Level 4.1 Fighting
 + Level 4.7 Axes
 + Level 2.4 Armour
 + Level 1.6 Dodging


You had 2 spell levels left.
You didn't know any spells.
Your spell library was empty.

Dungeon Overview and Level Annotations

Branches:
Dungeon (1/15)

Altars:


Message History

You have reached level 3!
Your experience leads to an increase in your attributes!
Increase (S)trength, (I)ntelligence, or (D)exterity?
Uppercase letters only, please.
You feel stronger. x2
You hit the gnoll.
The gnoll is lightly wounded.
The gnoll hits you with a +0 whip.
You hit the gnoll.
The gnoll is moderately wounded.
The gnoll closely misses you.
You hit the gnoll.
The gnoll is heavily wounded.
The gnoll hits you with a +0 whip.
You barely miss the gnoll.
The gnoll is heavily wounded.
The gnoll barely misses you.
You barely miss the gnoll.
The gnoll is heavily wounded.
The gnoll misses you.
You completely miss the gnoll.
The gnoll is heavily wounded.
The gnoll hits you with a +0 whip. x2
You hit the gnoll.
The gnoll is severely wounded.
The gnoll hits you with a +0 whip.
You barely miss the gnoll.
The gnoll is severely wounded.
The gnoll hits you with a +0 whip!
* * * LOW HITPOINT WARNING * * *
You see here a rat corpse.
Found a short sword.
Found a stone staircase leading down.
Found a ring mail.
You see here a +0 short sword.
There is a stone staircase leading down here.
You hit the gnoll.
The gnoll is almost dead.
The gnoll hits you with a +0 whip!
You die...

#.. .....≈≈≈≈ ≈≈ ###
...≈≈≈≈#####≈≈≈######
..≈≈≈≈#...#≈≈≈≈..... #[≈≈≈≈#
.#≈≈≈≈##### #.≈≈≈≈# #≈≈≈≈
#..≈≈≈##+##≈≈≈######
#########..≈≈≈≈..≈≈≈≈≈......
........#..@≈≈.....≈≈.......
..........g....#............
............##.#.#.......###
........)#.## # #.......#
######..#.# #.......#
#...#.# #.......#
#..##.###+###.......#
#..##............####
###..##............###


You could see a gnoll.

Vanquished Creatures
  3 endoplasms (D:1)
  2 goblins (D:1)
  5 quokkas (D:1)
  A ball python (D:1)
  2 frilled lizards (D:1)
  7 kobolds (D:1)
  2 rats (D:1)
22 creatures vanquished.

Notes
Turn   | Place    | Note
-------+----------+-------------------------------------------
     0 | D:1      | Miles554 the Hill Orc Berserker began the quest for the
                  | Orb.
     0 | D:1      | Reached XP level 1. HP: 19/19 MP: 1/1
   169 | D:1      | Reached XP level 2. HP: 9/27 MP: 2/2
  1061 | D:1      | Reached XP level 3. HP: 28/33 MP: 3/3
  1086 | D:1      | Slain by a gnoll

Illustrated notes

Levels and vault maps discovered:
D:1:      minmay_arrival_nine_rooms, layout_basic,
          nicolae_ecumenical_lake_church, minmay_heptomino_d4

Skill      XL: |  1  2 |
---------------+-------+-----
Fighting       | 4 |  4.1
Axes           | |  4.7
Armour         | |  2.4
Dodging        | |  1.6

Action                   || total
-------------------------++-------
Melee: Hand axe          ||    72
Armor: Animal skin       ||    10
Dodge: Dodged            ||    36
